 Dungeon Crawl Stone Soup version 0.20-a0-920-gb18bc0f (console) character file.

225996 nht the Nimble (level 18, -1/140 HPs)
             Began as a Demonspawn Wanderer on Mar 25, 2017.
             Was the Champion of Ashenzari.
             Killed from afar by a starcursed mass (12 damage)
             ... with an accursed screaming
             ... on level 2 of the Abyss.
             The game lasted 02:06:06 (26984 turns).

nht the Nimble (Demonspawn Wanderer)               Turns: 26984, Time: 02:06:06

Health: -1/140     AC: 17    Str: 14    XL:     18   Next: 63%
Magic:  31/31      EV: 27    Int: 18    God:    Ashenzari [******]
Gold:   2772       SH: 17    Dex: 24    Spells: 15/35 levels left

rFire    + + .     SeeInvis +   a - +8 demon blade {vamp, rN+ AC-3 EV-3} (curse)
rCold    + . .     Gourm    .   h - +3 shield (curse)
rNeg     + . .     Faith    .   L - +2 ring mail of Responsibility {Dex+9} (curse)
rPois    +         Spirit   .   (helmet unavailable)
rElec    +         Reflect  .   y - +2 cloak {+Inv} (curse)
rCorr    +         Harm     .   S - +2 pair of gloves (curse)
MR       ++...     Clarity  +   D - +0 pair of boots (curse)
Stlth    +++.......             g - amulet of regeneration (curse)
Regen    1.2/turn               Z - +3 ring of evasion (curse)
MPRegen  0.3/turn               R - ring of poison resistance (curse)

@: about to teleport, resistant
A: antennae 3, yellow scales 3, clarity, demonic guardian 2, fire resistance 1,
magic resistance 1, regeneration 1, augmentation 2, flame cloud immunity
}: 1/15 runes: serpentine
a: Curse Item, Scrying, Transfer Knowledge, Renounce Religion, Evoke
Invisibility


You were on level 2 of the Abyss.
You worshipped Ashenzari.
Ashenzari was exalted by your worship.
You were not hungry.

You visited 5 branches of the dungeon, and saw 29 of its levels.
You visited the Abyss 1 time.
You also visited: Ossuary, Bailey and Ice Cave.

You collected 3102 gold pieces.
You spent 330 gold pieces at shops.

Inventory:

Hand Weapons
 a - the cursed +8 demon blade "Leech" (weapon) {vamp, rN+ AC-3 EV-3}
   (You found it on level 8 of the Dungeon)

   It inflicts no extra harm, but heals its wielder when it wounds a living foe.
   It affects your AC (-3).
   It affects your evasion (-3).
   It protects you from negative energy.
   It has a curse placed upon it.
 k - a +1 rapier of electrocution
Armour
 h - a cursed +3 shield (worn)
 y - a cursed +2 cloak of invisibility (worn)
 D - a cursed +0 pair of boots (worn)
 L - the cursed +2 ring mail of Responsibility (worn) {Dex+9}
   (You found it on level 3 of the Lair of Beasts)

   It affects your dexterity (+9).
   It has a curse placed upon it.
 S - a cursed +2 pair of gloves (worn)
Jewellery
 g - a cursed amulet of regeneration (around neck)
 J - an uncursed ring of protection from fire
 R - a cursed ring of poison resistance (right hand)
 X - an uncursed amulet of guardian spirit
 Z - a cursed +3 ring of evasion (left hand)
Wands
 e - a wand of clouds (5/9)
 i - a wand of scattershot (3/9)
 x - a wand of digging (8/24)
 N - a wand of digging (9/24)
Scrolls
 b - 3 scrolls of recharging
 l - 6 scrolls of amnesia
 o - 15 scrolls of identify
 A - 5 scrolls of magic mapping
 F - 6 scrolls of enchant weapon
 H - 5 scrolls of fog
 O - 3 scrolls of teleportation
 U - a scroll of brand weapon
 W - a scroll of remove curse
Potions
 c - 7 potions of agility
 m - 2 potions of resistance
 n - 2 potions of cancellation
 p - 6 potions of mutation
 q - 9 potions of flight
 r - 8 potions of curing
 v - a potion of brilliance
 B - 2 potions of haste
 G - 3 potions of ambrosia
 M - a potion of invisibility
Books
 s - a book of Necromancy

   Spells                             Type                      Level
   a - Pain                           Necromancy                   1
   b - Animate Skeleton               Necromancy                   1
   c - Vampiric Draining              Necromancy                   3
   d - Regeneration                   Charms/Necromancy            3
   e - Animate Dead                   Necromancy                   4
   f - Control Undead                 Necromancy                   4
 t - a book of Callings

   Spells                             Type                      Level
   a - Summon Small Mammal            Summoning                    1
   b - Call Imp                       Summoning                    2
   c - Call Canine Familiar           Summoning                    3
   d - Summon Guardian Golem          Hexes/Summoning              3
   e - Summon Lightning Spire         Summoning/Air                4
   f - Summon Ice Beast               Ice/Summoning                4
 E - a book of Death

   Spells                             Type                      Level
   a - Corpse Rot                     Necromancy                   2
   b - Sublimation of Blood           Necromancy                   2
   c - Agony                          Necromancy                   5
   d - Dispel Undead                  Necromancy                   5
   e - Excruciating Wounds            Charms/Necromancy            5
   f - Bolt of Draining               Conjuration/Necromancy       5
 Q - a book of Changes

   Spells                             Type                      Level
   a - Beastly Appendage              Transmutation                1
   b - Sticks to Snakes               Transmutation                2
   c - Spider Form                    Transmutation/Poison         3
   d - Ice Form                       Ice/Transmutation            4
   e - Blade Hands                    Transmutation                5
 V - a book of Ice

   Spells                             Type                      Level
   a - Ice Form                       Ice/Transmutation            4
   b - Metabolic Englaciation         Hexes/Ice                    5
   c - Ozocubu's Refrigeration        Ice                          6
   d - Bolt of Cold                   Conjuration/Ice              6
   e - Freezing Cloud                 Conjuration/Ice/Air          6
   f - Simulacrum                     Ice/Necromancy               6
Miscellaneous
 j - a lamp of fire
 u - a fan of gales
 K - a lightning rod (4/4)
 P - 2 boxes of beasts
 T - a sack of spiders
Comestibles
 d - 18 bread rations
 f - 9 fruits
 z - 24 royal jellies
 C - 14 meat rations


   Skills:
 - Level 12.0 Fighting
 - Level 10.0(14.2) Long Blades
   Level 9.6 Maces & Flails
 - Level 3.0(6.8) Armour
 + Level 14.7(18.7) Dodging
 - Level 5.4 Stealth
 - Level 12.3(15.0) Shields
 - Level 9.1 Spellcasting
 - Level 9.6(13.9) Necromancy
 - Level 10.5(14.7) Ice Magic
 + Level 10.4(14.6) Evocations


You had 15 spell levels left.
You knew the following spells:

 Your Spells              Type           Power        Failure   Level  Hunger
a - Pain                  Necr           ####         1%          1    None
b - Animate Skeleton      Necr           N/A          1%          1    None
c - Dispel Undead         Necr           ######..     1%          5    #####..
d - Animate Dead          Necr           N/A          1%          4    ###....
e - Simulacrum            Ice/Necr       ######....   10%         6    ######.
r - Regeneration          Chrm/Necr      ####......   2%          3    None


Dungeon Overview and Level Annotations

Branches:
Dungeon (15/15)            Temple (0/1) D:4            Lair (6/6) D:11
  Swamp (0/4) Lair:2        Snake (4/4) Lair:2        Slime (0/5) Lair:5
    Orc (2/2) D:11            Elf (0/3) Orc:2        Vaults (2/5) D:13
 Depths (0/5) D:15
  Crypt: Vaults:2-3

Altars:
Ashenzari
Fedhas
Kikubaaqudgha
Nemelex Xobeh
Okawaru
Trog
Vehumet
Wu Jian
Xom

Shops:
Orc:2 *[!(   Snake:1 =}}   Snake:2 (   Snake:3 }((

Annotations:
D:4 nht's ghost, amateur DrCj
Lair:3 rcorr, exclusion: 2 oklob plants


Innate Abilities, Weirdness & Mutations

You have a pair of large antennae on your head. (SInv)
You are completely covered in yellow scales. (AC +4, rCorr)
A demonic guardian rushes to your aid.
Your flesh is heat resistant. (rF+)
Your magical and physical power is enhanced at high health.
You are immune to clouds of flame.
You possess an exceptional clarity of mind.
You are resistant to hostile enchantments. (MR+)
Your natural rate of healing is unusually fast.


Message History

A starcursed mass splits.
A deafening chorus of shrieks assaults your mind!
* * * LOW HITPOINT WARNING * * *
You suddenly lose the ability to move!
You can move again.
A deafening chorus of shrieks assaults your mind!
* * * LOW HITPOINT WARNING * * *
You feel much better.
You block the small abomination's attack.
A deafening chorus of shrieks assaults your mind!
* * * LOW HITPOINT WARNING * * *
You slash the small abomination!
The small abomination is almost destroyed.
You block the small abomination's attack.
You hit the small abomination.
The small abomination is almost destroyed.
A chorus of shrieks assaults your mind.
* * * LOW HITPOINT WARNING * * *
A chorus of shrieks assaults your mind.
You die...

* * , , , ,
,,,,,** , ** ,, ,
*,█.█.██, ** , *
, ,* ** *
,█...█.█, ,,,,**,
* ,*,*,** ,,
*,..█..█, * ,, ,
, **∆
,,,*,,.....,* *
,* , , , ,,,,, **
██ ....███,****
*, ,,,, ,, ,
█.█..█...█ * ,*,
* , *,, *
*█.......█* *,, ,
,* *** , ,,████
█@.█* *, * ,, *,
, , , ,,.,█.██x██
*** ,* ,,, ,
,,█.█.█.███*,,
,*, * ,
,██*.*█XX{.█ , █
, * ,, , **,
█..,█XX█{{.█....
,,,, * * * * *,
█....█X.....█∆,
,** ,,, , **
,,█†..█.X█.....█
, ,,,, ** *, ,*
█..†. █..█.█.. ,
, ,*, , *
,█.†........█.█.*
** *


You could see 4 starcursed masses and a small abomination.

Vanquished Creatures
  Vashnia (Snake:4)
  Nikola (Snake:2)
  A bone dragon (Abyss:2)
  Asterion (Snake:4)
  2 tentacled starspawn (Abyss:2)
  2 storm dragons
  5 nagarajas
  Aizul (Vaults:2)
  5 vault wardens (Vaults:1)
  5 ironheart preservers
  Snorg (Lair:3)
  A deep elf death mage (Vaults:2)
  Josephine (Orc:2)
  2 yaktaur captains
  A vault guard (D:13)
  An ice dragon (Vaults:1)
  A catoblepas (D:14)
  3 hydras
  4 anacondas
  7 naga warriors
  20 two-headed ogres
  A deep troll shaman (Vaults:1)
  A death knight (Vaults:1)
  7 ogre magi
  A tengu warrior (D:14)
  4 centaur warriors
  A dancing weapon (Vaults:1)
  2 deep troll earth magi
  4 orc high priests (Orc:2)
  Urug (Lair:4)
  17 naga sharpshooters
  4 shock serpents
  3 salamander mystics
  A shadow wraith (Vaults:2)
  A skeletal warrior (Vaults:1)
  A fire crab (Lair:6)
  3 unseen horrors
  The ghost of nht the Digger, a novice DsWn of Ashenzari (D:9)
  11 deep trolls
  4 ironbrand convokers (Vaults:1)
  7 starcursed masses (Abyss:2)
  3 naga ritualists (Snake:2)
  A wizard (D:15)
  5 orc knights
  5 harpies (Vaults:1)
  3 wolf spiders
  30 ugly things
  A deep elf mage (D:13)
  4 manticores
  3 orc sorcerers
  11 mana vipers
  6 cyclopes
  7 salamanders
  A black mamba (shapeshifter) (D:14)
  2 molten gargoyles (Lair:5)
  6 vault sentinels
  45 black mambas
  A torpor snail (Lair:6)
  9 guardian serpents
  20 naga magi
  A smoke demon (Abyss:2)
  3 ice statues (IceCv)
  2 gargoyles (D:15)
  2 large abominations (Abyss:2)
  13 spiny frogs
  4 kobold demonologists
  A tormentor (Abyss:2)
  2 efreet
  2 freezing wraiths (Vaults:1)
  14 yaktaurs
  A rime drake (Lair:6)
  7 komodo dragons
  A hellwing (Abyss:2)
  A redback zombie (D:15)
  A tengu conjurer (D:14)
  11 polar bears
  A wind drake (shapeshifter) (D:14)
  5 trolls
  4 hornets
  13 blink frogs
  4 raiju
  3 dream sheep (Lair:6)
  Grinder (D:6)
  11 hippogriffs
  8 slime creatures
  The ghost of Ratty the Skirmisher, an amateur TrBe of Trog (D:3)
  2 redbacks (Lair:6)
  A spriggan (D:7)
  Sigmund (D:3)
  A shadow (D:14)
  4 vampires
  7 wyverns
  6 wraiths
  4 small abominations (Abyss:2)
  A yak (shapeshifter) (Vaults:2)
  A basilisk (Lair:4)
  36 yaks
  3 hungry ghosts
  A steam dragon (D:12)
  2 vampire mosquitoes (D:15)
  A neqoxec (Abyss:2)
  4 wargs
  Menkaure (D:4)
  50 nagas
  2 acid dragons (D:13)
  A soldier ant (D:14)
  27 water moccasins
  12 hell hounds (Lair:6)
  12 porcupines
  22 orc warriors
  20 ice beasts
  4 phantoms
  4 sky beasts
  4 black bears (Lair:6)
  21 ogres
  17 wolves
  13 crocodiles
  23 centaurs
  3 big kobolds
  20 bullfrogs
  A gnoll sergeant (D:12)
  A wyvern skeleton (D:7)
  4 scorpions
  13 wights
  A human simulacrum (Vaults:1)
  9 electric eels
  4 howler monkeys
  5 lava snakes (Lair:5)
  8 crimson imps
  6 centaur zombies
  A quasit (D:13)
  20 orc wizards
  4 centaur skeletons
  22 orc priests
  6 hounds
  10 jellies
  2 bullfrog skeletons
  4 iguanas
  7 hell rats (Lair:6)
  7 worker ants
  A killer bee zombie (D:8)
  A hound zombie (D:6)
  5 mummies (Ossuary)
  Robin (D:2)
  10 adders
  8 gnolls
  5 shadow imps
  A white imp (Abyss:2)
  11 oozes
  An adder skeleton (D:6)
  3 worms
  2 dart slugs
  2 leopard geckos
  59 orcs
  8 bats
  4 giant cockroaches
  22 goblins
  19 hobgoblins
  7 jackals
  4 quokkas
  3 ball pythons
  A ball python skeleton (D:4)
  8 frilled lizards
  2 goblin zombies (Ossuary)
  2 hobgoblin zombies (Ossuary)
  23 kobolds
  2 kobold zombies (Ossuary)
  A leopard gecko skeleton (D:7)
  An orc zombie (Ossuary)
  12 rats
1116 creatures vanquished.

Vanquished Creatures (collateral kills)
  Kirke (D:13)
  3 ironheart preservers (Vaults:2)
  A great orb of eyes (Vaults:1)
  A yaktaur captain (Vaults:2)
  A hydra (Lair:6)
  A catoblepas (D:15)
  3 naga warriors (Snake:3)
  2 ogre magi
  6 two-headed ogres
  3 naga sharpshooters
  The ghost of Tux the Thaumaturge, a journeyman DEEE of Vehumet (D:10)
  A thrashing horror (Abyss:2)
  A salamander mystic (Snake:2)
  A death drake (shapeshifter) (D:15)
  2 wizards (D:15)
  2 naga ritualists (Snake:4)
  A deep elf mage (D:15)
  An ugly thing (Vaults:1)
  An oklob plant (Snake:3)
  2 salamanders
  A vault sentinel (Vaults:1)
  2 guardian serpents
  4 naga magi
  6 black mambas
  A spiny frog (Lair:6)
  The ghost of feelmyfire the Magician, a novice VSEn (Ossuary)
  3 yaktaurs
  2 raiju (Abyss:2)
  A slime creature (Vaults:1)
  2 hippogriffs (D:10)
  2 dream sheep (Lair:6)
  8 blink frogs
  3 starcursed masses (Abyss:2)
  3 wyverns (Lair:6)
  2 yaks (Lair:6)
  6 vampire mosquitoes (D:15)
  A warg (Lair:6)
  12 nagas
  A water moccasin (Lair:6)
  3 hell hounds (Lair:6)
  A sky beast (D:7)
  3 orc warriors
  7 black bears (Lair:6)
  3 ogres
  2 wolves
  2 centaurs
  A crocodile (Lair:6)
  A bullfrog (D:6)
  2 wights (D:10)
  A crimson imp (D:15)
  6 orc priests
  A jelly (D:15)
  A hound (D:4)
  An orc wizard (Orc:2)
  Ijyb (D:3)
  A worker ant (D:4)
  An adder (D:9)
  2 gnolls (D:10)
  A leopard gecko (D:6)
  4 orcs
  A goblin (D:2)
  3 kobolds (D:11)
  A butterfly (Lair:6)
  4 fungi (Lair:6)
  8 plants
  A starspawn tentacle (Abyss:2)
159 creatures vanquished.

Vanquished Creatures (others)
  A mana viper (Snake:4)
  A naga (Snake:3)
  A floating eye (shapeshifter) (D:13)
  11 fungi
  24 plants
  4 starspawn tentacles (Abyss:2)
42 creatures vanquished.

Grand Total: 1317 creatures vanquished

Notes
Turn   | Place    | Note
-------+----------+-------------------------------------------
     0 | D:1      | nht the Demonspawn Wanderer began the quest for the Orb.
     0 | D:1      | nht set off with: a +2 mace, a potion of lignification, a +0 ring mail, a bread ration
     0 | D:1      | Reached XP level 1. HP: 18/18 MP: 2/2
    93 | D:1      | Gained mutation: A weak demonic guardian rushes to your aid. [demonic ancestry]
    93 | D:1      | Reached XP level 2. HP: 23/24 MP: 3/3
   225 | D:1      | Reached XP level 3. HP: 18/29 MP: 4/4
   658 | D:2      | Reached XP level 4. HP: 35/35 MP: 5/5
   832 | D:2      | Found a shattered altar of Ashenzari.
   844 | D:2      | Became a worshipper of Ashenzari the Shackled
  1094 | D:2      | Noticed Robin
  1117 | D:2      | Killed Robin
  1251 | D:2      | Found an ornate altar of the Wu Jian Council.
  1352 | D:3      | Noticed Ijyb
  1368 | D:3      | Killed Ijyb
  1368 | D:3      | Gained mutation: Your flesh is heat resistant. (rF+) [demonic ancestry]
  1368 | D:3      | Reached XP level 5. HP: 41/41 MP: 6/6
  1484 | D:3      | Noticed a moth of wrath
  1487 | D:3      | Found a bloodstained altar of Trog.
  1553 | D:3      | Noticed Sigmund
  1560 | D:3      | Killed Sigmund
  1560 | D:3      | Reached skill level 5 in Maces & Flails
  1560 | D:3      | Reached XP level 6. HP: 15/47 MP: 7/7
  1955 | D:3      | Noticed Ratty's ghost (amateur TrBe)
  1988 | D:3      | Killed Ratty's ghost
  2516 | D:3      | Reached * piety under Ashenzari
  2577 | D:4      | Noticed nht's ghost (amateur DrCj)
  2589 | D:4      | Noticed Menkaure
  2816 | D:4      | Gained mutation: You have a pair of small antennae on your head. [demonic ancestry]
  2816 | D:4      | Reached XP level 7. HP: 31/52 MP: 8/8
  2841 | D:4      | Killed Menkaure
  2950 | D:4      | Found a staircase to the Ecumenical Temple.
  2960 | D:5      | Entered Level 5 of the Dungeon
  3058 | D:5      | Gained mutation: Your magical capacity is low. (-10% MP) [potion of mutation]
  3058 | D:5      | Gained mutation: You evolve. [potion of mutation]
  3058 | D:5      | Gained mutation: You are frail. (-10% HP) [potion of mutation]
  3058 | D:5      | Gained mutation: Your muscles are strong. (Str +2) [potion of mutation]
  3136 | D:6      | Found a sand-covered staircase.
  3140 | Ossuary  | Entered an ossuary
  3143 | Ossuary  | Noticed feelmyfire's ghost (novice VSEn)
  3163 | Ossuary  | Killed feelmyfire's ghost
  3417 | Ossuary  | Gained mutation: You are immune to clouds of flame. [demonic ancestry]
  3417 | Ossuary  | Reached XP level 8. HP: 44/52 MP: 8/8
  3975 | D:6      | Reached skill level 1 in Dodging
  4006 | D:6      | Noticed Grinder
  4015 | D:6      | Killed Grinder
  4048 | D:6      | Found a blossoming altar of Fedhas.
  4317 | D:5      | Noticed a rust devil
  4317 | D:5      | Noticed a rust devil
  4318 | D:5      | Identified the +3 morningstar of Menuorum {venom, rC+ Int+2 SInv}
  4343 | D:7      | Noticed a hippogriff
  4356 | D:7      | Killed a hippogriff
  4356 | D:7      | Reached skill level 2 in Dodging
  4357 | D:7      | Lost mutation: Your magical capacity is low. (-10% MP) [evolution]
  4450 | D:7      | Gained mutation: You are partially covered in yellow scales. (AC +2) [demonic ancestry]
  4450 | D:7      | Reached XP level 9. HP: 35/58 MP: 10/10
  4458 | D:7      | Reached ** piety under Ashenzari
  4479 | D:7      | Reached skill level 1 in Shields
  4631 | D:7      | Reached skill level 5 in Fighting
  5554 | D:8      | Reached skill level 5 in Shields
  5716 | D:8      | Reached skill level 1 in Long Blades
  5762 | D:8      | Reached XP level 10. HP: 71/71 MP: 11/11
  5824 | D:8      | Gained mutation: You have a pair of antennae on your head. [evolution]
  5824 | D:8      | Lost mutation: You evolve. [end of evolution]
  5978 | D:8      | Reached *** piety under Ashenzari
  6092 | D:8      | Found a sparkling altar of Nemelex Xobeh.
  6295 | D:9      | HP: 2/71 [vampire (12)]
  6950 | D:9      | Noticed nht's ghost (novice DsWn)
  6959 | D:9      | fucker
  6979 | D:10     | Entered Level 10 of the Dungeon
  7008 | D:10     | Reached skill level 5 in Long Blades
  7433 | D:10     | Noticed Tux's ghost (journeyman DEEE)
  7443 | D:10     | Killed Tux's ghost
  7587 | D:10     | Reached **** piety under Ashenzari
  8042 | D:9      | Killed nht's ghost
  8042 | D:9      | Gained mutation: You have a pair of large antennae on your head. (SInv) [demonic ancestry]
  8042 | D:9      | Reached XP level 11. HP: 61/75 MP: 12/12
  8430 | D:11     | Found a staircase to the Lair.
  8769 | D:11     | Found a staircase to the Orcish Mines.
  8821 | D:11     | Noticed a cyan ugly thing
  8875 | D:11     | Killed a cyan ugly thing
  9098 | D:11     | Noticed a two-headed ogre
  9105 | D:11     | Killed a two-headed ogre
  9190 | Lair:1   | Entered Level 1 of the Lair of Beasts
  9351 | Lair:1   | Reached skill level 3 in Dodging
  9500 | Lair:1   | Reached skill level 10 in Long Blades
  9500 | Lair:1   | Mutation became permanent: You have a pair of large antennae on your head. (SInv) [demonic ancestry]
  9500 | Lair:1   | Reached XP level 12. HP: 75/81 MP: 13/13
  9528 | Lair:1   | Reached skill level 4 in Dodging
  9893 | Lair:1   | Reached skill level 1 in Stealth
 10021 | Lair:2   | Found a staircase to the Snake Pit.
 10022 | Lair:2   | Reached ***** piety under Ashenzari
 10087 | Lair:2   | Found a staircase to the Swamp.
 10178 | Lair:2   | Found a shattered altar of Ashenzari.
 10273 | Lair:2   | Noticed a seven-headed hydra
 10280 | Lair:2   | Killed a seven-headed hydra
 10280 | Lair:2   | Reached skill level 5 in Dodging
 10852 | Lair:3   | Identified the +2 ring mail of Responsibility {Dex+9}
 11038 | Lair:3   | Noticed Snorg
 11062 | Lair:3   | Killed Snorg
 11196 | Lair:3   | Reached skill level 6 in Dodging
 11793 | Lair:4   | Reached skill level 10 in Shields
 11862 | Lair:4   | Noticed a five-headed hydra
 12004 | Lair:4   | Reached ****** piety under Ashenzari
 12042 | Lair:4   | Noticed a seven-headed hydra
 12050 | Lair:4   | Killed a seven-headed hydra
 12050 | Lair:4   | Reached skill level 5 in Stealth
 12095 | Lair:4   | Gained mutation: You are mostly covered in yellow scales. (AC +3) [demonic ancestry]
 12095 | Lair:4   | Reached XP level 13. HP: 86/86 MP: 16/16
 12299 | Lair:4   | Noticed Urug
 12311 | Lair:4   | Killed Urug
 12311 | Lair:4   | Reached skill level 5 in Evocations
 12755 | Lair:5   | Learned a level 1 spell: Pain
 12855 | Lair:5   | Found a staircase to the Slime Pits.
 12985 | Lair:5   | Noticed an entropy weaver
 12985 | Lair:5   | a four-headed hydra changed into an entropy weaver
 12987 | Lair:5   | an entropy weaver changed into a five-headed hydra
 12993 | Lair:5   | Noticed a storm dragon
 12993 | Lair:5   | a five-headed hydra changed into a storm dragon
 13008 | Lair:5   | Killed a storm dragon
 13021 | Lair:5   | Learned a level 1 spell: Animate Skeleton
 13315 | Lair:6   | Entered Level 6 of the Lair of Beasts
 13544 | Lair:6   | Learned a level 3 spell: Regeneration
 13550 | Lair:6   | Learned a level 5 spell: Dispel Undead
 13555 | Lair:6   | Learned a level 4 spell: Animate Dead
 13596 | Lair:6   | Reached skill level 5 in Necromancy
 14309 | Lair:6   | Reached XP level 14. HP: 92/92 MP: 17/17
 14336 | Lair:6   | Reached skill level 7 in Dodging
 15042 | Orc:1    | Entered Level 1 of the Orcish Mines
 15098 | Orc:1    | Found a frozen archway.
 15132 | IceCv    | Entered an ice cave
 15765 | Orc:2    | Entered Level 2 of the Orcish Mines
 15765 | Orc:2    | Found a radiant altar of Vehumet.
 16089 | Orc:2    | Found a staircase to the Elven Halls.
 16135 | Orc:2    | Noticed Josephine
 16151 | Orc:2    | Killed Josephine
 16420 | Orc:2    | Learned a level 6 spell: Simulacrum
 16469 | Orc:2    | Reached skill level 8 in Dodging
 16525 | Orc:2    | Found Caet's Distillery.
 16525 | Orc:2    | Found Kuaheun's Weapon Shoppe.
 16525 | Orc:2    | Found Gumyogh's Armour Emporium.
 16548 | Orc:2    | Found Kezupn's Assorted Antiques.
 16577 | Orc:2    | Bought a scroll labeled NOSHIORGH RIFE for 33 gold pieces
 16577 | Orc:2    | Bought a shiny bone ring for 165 gold pieces
 16577 | Orc:2    | Bought a copper wand for 132 gold pieces
 17273 | D:12     | Reached skill level 5 in Spellcasting
 17514 | D:13     | Found a flagged portal.
 17525 | Bailey   | Entered a bailey
 17581 | Bailey   | Found an iron altar of Okawaru.
 17588 | Bailey   | Identified the +3 ring mail of Honour {rF+ Str+2 Int+4}
 17666 | Bailey   | Identified a scroll of acquirement
 18216 | D:13     | Found a gate to the Vaults.
 18255 | D:13     | Reached skill level 9 in Dodging
 18626 | D:13     | Identified the cursed +0 rapier "Borih" {speed, rElec rPois Dex-2 SInv}
 18664 | D:13     | Gained mutation: Your magical and physical power is slightly enhanced at high health. [demonic ancestry]
 18664 | D:13     | Reached XP level 15. HP: 97/97 MP: 23/23
 18716 | D:13     | Noticed Kirke
 18726 | D:13     | Killed Kirke
 18991 | D:14     | Found a shimmering altar of Xom.
 19045 | D:14     | Reached skill level 5 in Ice Magic
 19549 | D:15     | Entered Level 15 of the Dungeon
 19763 | D:15     | Reached skill level 10 in Dodging
 20125 | D:15     | Found a staircase to the Depths.
 20425 | Snake:1  | Entered Level 1 of the Snake Pit
 20890 | Snake:1  | Found an iron altar of Okawaru.
 20977 | Snake:1  | Found Kisor's Jewellery Shoppe.
 20977 | Snake:1  | Found Deumot's Gadget Shop.
 20978 | Snake:1  | Found Qich's Gadget Shop.
 21164 | Snake:2  | Reached XP level 16. HP: 84/103 MP: 28/28
 21361 | Snake:2  | Reached skill level 11 in Dodging
 21403 | Snake:2  | Found Zuwoku's Weapon Emporium.
 22035 | Snake:3  | Noticed Nikola
 22066 | Snake:3  | Found a shimmering altar of Xom.
 22144 | Snake:2  | Killed Nikola
 22440 | Snake:3  | Found Aclitoat's Gadget Shop.
 22440 | Snake:3  | Found Fooh's Weapon Boutique.
 22445 | Snake:3  | Found Saqyela's Antique Weapon Shop.
 22679 | Snake:4  | Entered Level 4 of the Snake Pit
 22679 | Snake:4  | Noticed Asterion
 22824 | Snake:4  | Found an ancient bone altar of Kikubaaqudgha.
 23013 | Snake:4  | Reached skill level 12 in Dodging
 23019 | Snake:4  | Noticed Vashnia
 23416 | Snake:4  | Reached skill level 10 in Ice Magic
 23422 | Snake:4  | Gained mutation: Your magical and physical power is enhanced at high health. [demonic ancestry]
 23422 | Snake:4  | Reached XP level 17. HP: 91/113 MP: 3/30
 23647 | Snake:4  | simulacra is garbage
 23654 | Snake:4  | Reached skill level 10 in Fighting
 23812 | Snake:4  | Got a serpentine rune of Zot
 23976 | Snake:4  | Killed Vashnia
 24212 | Snake:4  | Gained mutation: You occasionally shout uncontrollably at your foes. [a cacodemon]
 24214 | Snake:4  | HP: 3/116 [Asterion's headbutt (9)]
 24214 | Snake:4  | Gained mutation: You are very frail. (-20% HP) [a cacodemon]
 24319 | Snake:3  | Lost mutation: You are very frail. (-20% HP) [potion of mutation]
 24319 | Snake:3  | Lost mutation: Your muscles are strong. (Str +2) [potion of mutation]
 24319 | Snake:3  | Lost mutation: You occasionally shout uncontrollably at your foes. [potion of mutation]
 24319 | Snake:3  | Lost mutation: You are frail. (-10% HP) [potion of mutation]
 24319 | Snake:3  | Gained mutation: You possess an exceptional clarity of mind. [potion of mutation]
 24319 | Snake:3  | Gained mutation: You are completely covered in yellow scales. (AC +4, rCorr) [potion of mutation]
 24319 | Snake:3  | Gained mutation: Your natural rate of healing is unusually fast. [potion of mutation]
 24319 | Snake:3  | Gained mutation: You are resistant to hostile enchantments. (MR+) [potion of mutation]
 24407 | Snake:4  | HP: 3/129 [Asterion/demon trident of draining (4)]
 24410 | Snake:4  | HP: 1/129 [Asterion/demon trident of draining (3)]
 24412 | Snake:4  | Killed Asterion
 24716 | Vaults:1 | Entered Level 1 of the Vaults
 25005 | Vaults:1 | Reached skill level 13 in Dodging
 25361 | Vaults:1 | Paralysed by an ogre mage for 4 turns
 25747 | Vaults:1 | Gained mutation: A demonic guardian rushes to your aid. [demonic ancestry]
 25747 | Vaults:1 | Reached XP level 18. HP: 140/140 MP: 31/31
 26325 | Vaults:2 | Reached skill level 14 in Dodging
 26522 | Vaults:2 | Noticed Aizul
 26546 | Vaults:2 | Killed Aizul
 26622 | Vaults:2 | Noticed an Ice Fiend
 26622 | Vaults:2 | Cast into level 2 of the Abyss (a deep elf sorcerer)
 26677 | Abyss:2  | Noticed a bone dragon
 26702 | Abyss:2  | Killed a bone dragon
 26702 | Abyss:2  | Reached skill level 10 in Evocations
 26917 | Abyss:2  | Paralysed by accursed screaming for 1 turns
 26978 | Abyss:2  | Paralysed by accursed screaming for 1 turns
 26979 | Abyss:2  | HP: 2/140 [starcursed mass/accursed screaming (14)]
 26984 | Abyss:2  | Killed from afar by a starcursed mass

Vault maps used:
D:1:      dpeg_arrival_signposts
D:2:      nicolae_overflow_hidden_temple, evilmike_ruin_ashenzari, uniq_robin
D:3:      tgw_trog, first_bread, serial_curves, eino_curves_02, eino_curves_03,
          eino_curves_01, eino_curves_01, uniq_iyjb, uniq_sigmund
D:4:      minmay_temple_entry_from_below_a, uniq_menkaure
D:5:      cheibrodos_iron_armory, lemuel_round_altar, overflow_temple_1_default,
          led_sif_book
D:6:      fedhas_altar_fruit_tree, enter_ossuary_5, uniq_grinder
D:7:      the_bakery, fountainhead
D:8:      lemuel_coloured_pillars_altar
D:9:      kennysheep_dice
D:11:     lair_entry_dummy, orc_0_dummy
D:12:     grunt_tough_drop
D:13:     david_vaults_5, enter_bailey_2, uniq_kirke
D:14:     kennysheep_cross_room, xom_teletrap_fun
D:15:     grunt_enter_depths_magical_seal, minmay_misc_feat_chi
Lair:1:   grunt_megastairs_2
Lair:2:   swamp_mist, guppyfry_snake_entry_garden, basic_altar
Lair:3:   lemuel_slime, minmay_lair_oklob_chamber, grunt_megastairs_1,
          serial_bayou_shore_a, uniq_snorg
Lair:4:   grunt_megastairs_3, serial_bayou_shore_b, lemuel_fruit_tree, uniq_urug
Lair:5:   cheibrodos_magma_flow, slime_dummy
Lair:6:   hangedman_lair_caniforms_friends, hangedman_lair_tendril_chambers,
          lemuel_fruit_fields
Snake:1:  basic_altar, minmay_shop_grove
Snake:2:  serial_shops, shop, st_stairs_4, nrook_guardian_serpent_double
Snake:3:  special_room, lemuel_oklob_altar, minmay_shop_star, uniq_nikola
Snake:4:  johnstein_snake_rune_scales, basic_altar, uniq_asterion
Orc:1:    portal_ice_cave_entry_ice_beasts
Orc:2:    st_orc_mages, basic_altar, uniq_josephine
Vaults:1: vaults_mumra_hex, hangedman_vaults_corner,
          hangedman_vaults_stretched_pinwheel, ontoclasm_vaults_twist, v_misc_2,
          nicolae_vaults_theta, v_misc_25, v_misc_27,
          nicolae_vaults_border_crossing, st_more_cells, v_alt_pattern_6,
          ontoclasm_vaults_ring_square, nicolae_vaults_back_hallway,
          nicolae_vaults_little_ls
Vaults:2: v_misc_1, v_misc_10, minmay_crypt_entry_simple_round,
          vaults_room_semicircle, ontoclasm_vaults_spin, v_misc_33,
          ontoclasm_vaults_decontamination, v_misc_15, v_misc_1,
          grunt_vaults_hallway_short, vaults_room_fancy_cross, basic_altar,
          uniq_aizul
Ossuary:  ossuary_crypta
Bailey:   bailey_axe_of_yendor_kennysheep, bailey
IceCv:    ice_cave_statue_garden_chambered

Skill      XL: |  1  2  3  4  5  6  7  8  9 10 11 12 13 14 15 16 17 18 |
---------------+-------------------------------------------------------+-----
Maces & Flails | 2 3 4 5 6 8 9 |  9.6
Dodging        | 2 3 6 9 10 12 13 14 | 14.7
Armour         | 3 |  3.0
Fighting       | 4 7 9 11 12 | 12.0
Shields        | 5 6 8 10 11 12 | 12.3
Long Blades    | 1 7 10 | 10.0
Stealth        | 5 |  5.4
Evocations     | 4 5 7 10 | 10.4
Necromancy     | 8 9 |  9.6
Spellcasting   | 5 8 9 |  9.1
Ice Magic      | 4 7 10 | 10.5

Action                   |  1- 3 |  4- 6 |  7- 9 | 10-12 | 13-15 | 16-18 || total
-------------------------+-------+-------+-------+-------+-------+-------++-------
Melee: Mace              |    86 |   190 |   442 |   182 |       |       ||   900
       Demon blade       |       |       |       |   526 |  1599 |  1671 ||  3796
 Cast: Pain              |       |       |       |       |    55 |       ||    55
       Animate Dead      |       |       |       |       |    31 |    30 ||    61
       Animate Skeleton  |       |       |       |       |     2 |       ||     2
       Simulacrum        |       |       |       |       |    16 |    43 ||    59
       Regeneration      |       |       |       |       |     1 |     7 ||     8
Invok: Curse Item        |       |     2 |     2 |     5 |     3 |       ||    12
 Abil: Evoke Invisibilit |       |       |       |       |     3 |     4 ||     7
Evoke: Wand              |       |    10 |    10 |    49 |    33 |     1 ||   103
       Phantom mirror    |       |       |       |       |     1 |       ||     1
       Lightning rod     |       |       |       |       |       |     4 ||     4
       Box of beasts     |       |       |       |       |       |     2 ||     2
       Lamp of fire      |       |       |       |       |       |     1 ||     1
  Use: Potion            |     1 |     5 |     3 |     3 |     1 |    10 ||    23
       Scroll            |       |     4 |    11 |    12 |    12 |     7 ||    46
 Stab: Sleeping          |       |     3 |     4 |    12 |    16 |     8 ||    43
       Invisible         |       |     1 |       |       |    13 |    30 ||    44
       Paralysed         |       |       |     7 |     8 |     3 |       ||    18
       Distracted        |       |       |     5 |     7 |    22 |    25 ||    59
       Confused          |       |       |       |     6 |       |       ||     6
       Petrifying        |       |       |       |       |     1 |       ||     1
       Petrified         |       |       |       |       |     1 |       ||     1
  Eat: Chunk             |       |     6 |    10 |    22 |    44 |    19 ||   101
       Fruit             |       |       |     1 |       |       |    33 ||    34
       Bread ration      |       |       |       |     1 |       |       ||     1
Armor: Ring mail         |    30 |    69 |   104 |   111 |   177 |   154 ||   645
       Skin              |    86 |    15 |    41 |     1 |       |    17 ||   160
Dodge: Dodged            |    59 |   112 |   146 |   139 |   535 |   902 ||  1893
Block: Shield            |       |       |    52 |   330 |   939 |  1204 ||  2525
       Rpst.: Demon blade |       |       |       |    12 |   123 |   185 ||   320
